 Dungeon Crawl Stone Soup version 0.22-a0-322-g60b3cfd (webtiles) character file.

35 Kairos the Skirmisher (level 3, 29/29 HPs)
             Began as a Mummy Fighter on Apr 4, 2018.
             Safely got out of the dungeon.
             The game lasted 00:01:10 (1330 turns).

Kairos the Skirmisher (Mummy Fighter)               Turns: 1330, Time: 00:01:11

Health: 29/29      AC:  6    Str: 19    XL:     3   Next: 16%
Magic:  3/3        EV:  7    Int:  7    God:
Gold:   48         SH:  9    Dex: 12    Spells: 2/2 levels left

rFire    x . .     SeeInvis .   a - +0 flail
rCold    + . .     Gourm    .   c - +0 shield
rNeg     + + +     Faith    .   b - +0 scale mail
rPois    ∞         Spirit   .   (no helmet)
rElec    .         Reflect  .   (no cloak)
rCorr    .         Harm     .   (no gloves)
MR       .....                  (no boots)
Stlth    ..........             (no amulet)
HPRegen  0.09/turn              (no ring)
MPRegen  0.08/turn              (no ring)

@: no status effects
A: no food or potions, fire vulnerability, cold resistance 1, negative energy
resistance 3, torment resistance, unbreathing
a: no special abilities


You escaped.
You were not hungry.

You visited 1 branch of the dungeon, and saw 2 of its levels.

You collected 48 gold pieces.

Inventory:

Hand Weapons
 a - a +0 flail (weapon)
Armour
 b - a +0 scale mail (worn)
 c - a +0 shield (worn)
Scrolls
 d - a scroll of teleportation {unknown}
 e - 2 scrolls of enchant weapon {unknown}
 f - a scroll of noise {unknown}
 g - a scroll of remove curse {unknown}
 h - a scroll of immolation {unknown}


   Skills:
 + Level 3.2 Fighting
 + Level 2.0 Maces & Flails
 + Level 2.7 Armour
 + Level 2.8 Shields


You had 2 spell levels left.
You didn't know any spells.

Dungeon Overview and Level Annotations

Branches:
Dungeon (2/15)

Altars:


Innate Abilities, Weirdness & Mutations

You do not eat or drink.
Your flesh is vulnerable to fire.
You are immune to poison.
Your flesh is cold resistant. (rC+)
You are immune to negative energy. (rN+++)
You are immune to unholy pain and torment.
You can survive without breathing.


Message History

No target in view!
No target in view!
No target in view!
No target in view!
No target in view!
You now have 48 gold pieces (gained 11).
Found a stone staircase leading down.
There is a stone staircase leading down here.
There is a stone staircase leading down here.
You see here a whip.
h - a scroll labeled MADGHA GAHUI You open the door.
There is an open door here.
There is an open door here.
Done exploring.
No target in view!
Done exploring.
There is a staircase leading out of the dungeon here.
Are you sure you want to leave the Dungeon?
This will make you lose the game!
You have escaped!

..###.......................#.#
..# #.#..###.#..#.##.###..#.#.#
.[# #.##.#..###.#.##...#.##.#(#
..# #..#†.......#......(.#..#.#
..# ##...######.#.######...##(#
..# ##...## #...# ##...##(.###
..######...## ##### ##...##......
.......##...###...###...##..#####
.......'##...#..@..#...##..)#
.......'###.(.........###.#.#####
.........####...#....###..#......
.####....# ########## #..#######
....##...##### ###..#
.............# #....#
###..........# #....#
#..........# #....##
###..........#########.....#


There were no monsters in sight!

Vanquished Creatures
  An ooze (D:1)
  2 dart slugs (D:1)
  A leopard gecko (D:1)
  2 goblins (D:1)
  3 hobgoblins (D:1)
  4 jackals (D:1)
  4 kobolds (D:1)
  3 bats (D:1)
  A frilled lizard (D:1)
  4 rats (D:1)
25 creatures vanquished.

Notes
Turn   | Place    | Note
-------+----------+-------------------------------------------
     0 | D:1      | Kairos the Mummy Fighter began the quest for the Orb.
     0 | D:1      | Reached XP level 1. HP: 18/18 MP: 1/1
    62 | D:1      | Reached XP level 2. HP: 21/24 MP: 2/2
   207 | D:1      | You fall through a shaft!
   561 | D:1      | Reached XP level 3. HP: 24/29 MP: 3/3
  1330 | D:$      | Safely got out of the dungeon.

Vault maps used:
D:1:      dpeg_chamrin_arrival_tetris
D:2:      grunt_temple_overflow_magic_moments,
          nemelex_xobeh_ov_fountains_minmay, due_unseen_surprise, uniq_jessica

Skill      XL: |  1  2 |
---------------+-------+-----
Maces & Flails | 2 |  2.0
Fighting       | |  3.2
Armour         | |  2.7
Shields        | |  2.8

Action                   || total
-------------------------++-------
Melee: Flail             ||   105
Armor: Scale mail        ||    76
Dodge: Dodged            ||    50
Block: Shield            ||    71

Table legend:
 A = Spawn XP
 B = Non-spawn XP
 C = Spawn XP percentage of total XP
 D = Spawn monster count
 E = Non-spawn monster count
 F = Spawn count percentage of total count
 G = Total turns spent on level
                    A         B        C        D         E        F      G
               +---------+---------+-------+---------+---------+-------+---------
         Total |       0 |      50 |   0.0 |       0 |      25 |   0.0 |  1330
               +---------+---------+-------+---------+---------+-------+---------
           D:1 |       0 |      50 |   0.0 |       0 |      25 |   0.0 |  1323
               +---------+---------+-------+---------+---------+-------+---------
